 Dungeon Crawl Stone Soup version 0.24-a0-10-gb84795d (webtiles) character file.

Game seed: 2483597320599628794

35261 ohad the Bludgeoner (level 13, -1/202 HPs)
             Began as an Ogre Berserker on Jan 31, 2019.
             Was a High Priest of Trog.
             Slain by an entropy weaver (9 damage)
             ... on level 5 of the Lair of Beasts.
             The game lasted 00:49:38 (21234 turns).

ohad the Bludgeoner (Ogre Berserker)               Turns: 21234, Time: 00:49:39

Health: -1/202     AC: 11    Str: 29    XL:     13   Next: 82%
Magic:  13/13      EV: 15    Int:  8    God:    Trog [*****.]
Gold:   1066       SH:  0    Dex: 12    Spells: 12/12 levels left

rFire    . . .     SeeInvis .   G - +7 great mace (protect)
rCold    . . .     Gourm    .   (shield currently unavailable)
rNeg     + . .     Faith    +   u - +2 robe {rN+}
rPois    .         Spirit   .   (helmet restricted)
rElec    .         Reflect  .   Z - +0 cloak
rCorr    .         Harm     .   (gloves unavailable)
MR       +....                  (boots unavailable)
Stlth    ..........             s - amulet of faith
HPRegen  0.43/turn              l - +2 ring of protection
MPRegen  0.13/turn              b - +4 ring of protection

@: berserking, corroded, protection aura, very quick
A: large, unfitting armour, tough skin 1
a: Berserk, Trog's Hand, Brothers in Arms, Renounce Religion


You were on level 5 of the Lair of Beasts.
You worshipped Trog.
Trog was extremely pleased with you.
You were very hungry.

You visited 2 branches of the dungeon, and saw 16 of its levels.
You also visited: Sewer, Ossuary and Gauntlet.

You collected 1066 gold pieces.

Inventory:

Hand Weapons
 i - a +0 quarterstaff of freezing
 B - a +1 giant spiked club
 G - a +7 great mace of protection (weapon)
 V - a +3 antimagic great mace
Missiles
 r - 3 large rocks
 N - 5 javelins of penetration
 O - 19 javelins (quivered)
 S - 4 throwing nets
 T - 4 javelins of returning
 W - 7 tomahawks of returning
Armour
 n - a +1 robe of cold resistance
 u - a +2 robe of positive energy (worn)
 Z - a +0 cloak (worn)
Jewellery
 b - a +4 ring of protection (right hand)
 l - a +2 ring of protection (left hand)
 m - an uncursed ring of positive energy
 s - an amulet of faith (around neck)
 t - an uncursed ring of ice
 E - an uncursed ring of stealth
Wands
 h - a wand of acid (2)
 x - a wand of disintegration (11)
 D - a wand of iceblast (7)
Scrolls
 j - 8 scrolls of remove curse
 k - 8 scrolls of fog
 y - 2 scrolls of immolation {unknown}
 F - a scroll of acquirement {unknown}
 H - 4 scrolls of teleportation
 I - a scroll of fear
 J - 2 scrolls of holy word {unknown}
 L - 2 scrolls of magic mapping
 M - 4 scrolls of amnesia {unknown}
 Q - 2 scrolls of torment {unknown}
 U - a scroll of noise {unknown}
 X - 4 scrolls of blinking {unknown}
Potions
 d - 3 potions of haste
 e - a potion of lignification {unknown}
 f - a potion of invisibility {unknown}
 g - 8 potions of flight
 o - 12 potions of curing
 v - 3 potions of cancellation
 w - 3 potions of agility {unknown}
 A - 2 potions of resistance
 C - 2 potions of mutation {unknown}
 K - 4 potions of magic {unknown}
 P - 2 potions of berserk rage {unknown}
 R - a potion of heal wounds {unknown}
 Y - a potion of might {unknown}
Miscellaneous
 a - a sack of spiders
 p - a phantom mirror
 q - a fan of gales
Comestibles
 c - 12 rations


   Skills:
 - Level 10.7 Fighting
 + Level 16.2 Maces & Flails
 - Level 6.8 Throwing
 - Level 9.7 Dodging


You had 12 spell levels left.
You didn't know any spells.
Your spell library contained the following spells:

 Spells                   Type           Power        Failure   Level  Hunger
 Corona                   Hex            #......      41%         1    ##.....
 Summon Butterflies       Summ           #.......     41%         1    ##.....
 Slow                     Hex            #.......     54%         2    ###....
 Inner Flame              Hex/Fire       #.......     78%         3    ####...
 Portal Projectile        Hex/Tloc       #.....       78%         3    ####...
 Stone Arrow              Conj/Erth      #.....       78%         3    ####...
 Cause Fear               Hex            #.........   99%         4    #####..
 Leda's Liquefaction      Hex/Erth       #.........   99%         4    #####..
 Summon Ice Beast         Ice/Summ       #.......     99%         4    #####..
 Borgnjor's Vile Clutch   Necr/Erth      #.........   100%        5    ######.
 Malign Gateway           Summ/Tloc      #.........   100%        7    #######


Dungeon Overview and Level Annotations

Branches:
Dungeon (11/15)            Temple (0/1) D:4            Lair (5/6) D:10
  Snake (0/4) Lair:3        Slime (0/5) Lair:5          Orc (0/2) D:10
  Swamp: Lair:2-4    Shoals: Lair:2-4

Altars:
Ru
The Shining One
Jiyva

Annotations:
D:9 1 runed translucent door
Lair:1 exclusion: oklob plant
Lair:2 exclusion: oklob plant, Erica
Lair:3 3 runed translucent doors, zkyp's ghost, journeyman VSFi


Innate Abilities, Weirdness & Mutations

You are too large for most types of armour.
You have tough skin. (AC +1)


Message History

* * * LOW HITPOINT WARNING * * *
The entropy weaver hits you!
* * * LOW HITPOINT WARNING * * *
You barely miss the entropy weaver.
The entropy weaver is heavily wounded.
The entropy weaver mumbles some strange words.
The entropic weave corrodes you!
Unknown command.
You closely miss the entropy weaver.
The entropy weaver is heavily wounded.
Unknown command.
You hit the entropy weaver.
Your weapon exudes an aura of protection.
The entropy weaver is heavily wounded.
The entropy weaver hits you but does no damage.
The entropy weaver hits you.
* * * LOW HITPOINT WARNING * * *
The entropy weaver hits you but does no damage.
The entropy weaver hits you!
You die...

#...............
#.....#.........
#P(.#.##........
#...####P.......
#########..##..........
##.....##....#..........
#.......##.........#.#..
##......................
#......@....##..........
##.......a...P...#.......
#.#....^.............>...
###..............#.......
##.........###..........
#........### #..........
###......# ....# #...P.##
... ###P.## ..


You could see an entropy weaver.

Vanquished Creatures
  A minotaur (Gauntlet)
  A green death (Gauntlet)
  Harold (D:9)
  Fannar (D:10)
  A catoblepas (Lair:3)
  3 hydras
  A queen ant (Lair:5)
  3 two-headed ogres
  4 death yaks
  Urug (D:10)
  Nergalle (D:10)
  2 wizards
  Pikel (D:5)
  A deep elf mage (D:10)
  4 elephants (Lair:4)
  A black mamba (Lair:4)
  2 spiny frogs
  4 komodo dragons
  An orange demon (Gauntlet)
  2 rime drakes
  2 polar bears
  Grinder (D:4)
  Prince Ribbit (D:7)
  4 hippogriffs
  A spriggan (Lair:1)
  A ynoxinul (Gauntlet)
  3 wyverns
  30 yaks
  Grum (Lair:1)
  3 fire bats (Lair:1)
  A vampire mosquito (D:9)
  3 swamp worms (Lair:2)
  3 nagas (Lair:3)
  8 soldier ants (Lair:5)
  Duvessa (D:6)
  7 porcupines
  5 water moccasins
  An ice beast (D:7)
  2 orc warriors
  4 sky beasts
  2 black bears
  2 necrophages (D:7)
  6 wolves
  5 ogres
  3 centaurs
  3 big kobolds
  9 crocodiles
  14 bullfrogs
  3 water moccasin zombies (Ossuary)
  Dowan (D:6)
  5 scorpions
  A killer bee (D:8)
  A water moccasin skeleton (D:8)
  4 wights (D:7)
  3 howler monkeys
  3 crimson imps
  2 quasits
  2 bullfrog zombies
  5 hounds
  5 jellies
  8 orc priests
  3 iron imps (Gauntlet)
  3 orc wizards
  A centaur skeleton (D:7)
  Jessica (D:3)
  Terence (D:3)
  A hell rat (D:10)
  6 iguanas
  16 worker ants
  11 big kobold zombies
  2 hound zombies
  3 mummies
  2 howler monkey zombies (D:7)
  2 worker ant zombies
  9 adders
  A river rat (D:10)
  7 shadow imps
  An ufetubus (Sewer)
  6 oozes
  6 adder zombies
  An adder skeleton (D:4)
  7 worms
  4 dart slugs
  3 leopard geckos
  27 orcs
  3 ball pythons
  10 bats
  3 giant cockroaches
  4 gnoll zombies (Ossuary)
  8 goblins
  7 hobgoblins
  9 jackals
  15 kobolds
  7 quokkas
  5 frilled lizards
  A giant cockroach zombie (Sewer)
  4 hobgoblin zombies (Ossuary)
  7 kobold zombies (Ossuary)
  4 orc zombies (Ossuary)
  A quokka skeleton (D:4)
  3 quokka zombies
  9 rats
429 creatures vanquished.

Vanquished Creatures (collateral kills)
  A neqoxec (Gauntlet)
  2 chaos spawn (Gauntlet)
  A big kobold (D:8)
  5 killer bees (D:8)
  5 kobolds (D:8)
14 creatures vanquished.

Vanquished Creatures (others)
  An adder zombie (Sewer)
  A fungus (Lair:2)
  A plant (D:6)
3 creatures vanquished.

Grand Total: 446 creatures vanquished

Notes
Turn   | Place    | Note
-------+----------+-------------------------------------------
     0 | D:1      | ohad the Ogre Berserker began the quest for the Orb.
     0 | D:1      | Reached XP level 1. HP: 24/24 MP: 1/1
    72 | D:1      | Reached skill level 3 in Maces & Flails
    83 | D:1      | Reached XP level 2. HP: 30/32 MP: 2/2
   527 | D:2      | Reached XP level 3. HP: 39/39 MP: 3/3
  1202 | D:2      | Reached ** piety under Trog
  1293 | D:2      | Reached skill level 4 in Maces & Flails
  1791 | D:3      | Reached XP level 4. HP: 33/48 MP: 4/4
  2088 | D:3      | Noticed Jessica
  2096 | D:3      | Killed Jessica
  2096 | D:3      | Reached skill level 5 in Maces & Flails
  2096 | D:3      | Reached XP level 5. HP: 53/54 MP: 5/5
  2624 | D:3      | Noticed Terence
  2631 | D:3      | Killed Terence
  2631 | D:3      | Reached *** piety under Trog
  2760 | D:3      | Reached XP level 6. HP: 58/62 MP: 6/6
  2782 | D:4      | Reached skill level 6 in Maces & Flails
  3157 | D:4      | Noticed Grinder
  3219 | D:4      | Killed Grinder
  3219 | D:4      | Reached skill level 7 in Maces & Flails
  3219 | D:4      | Reached XP level 7. HP: 70/70 MP: 7/7
  3297 | D:4      | Found a staircase to the Ecumenical Temple.
  3368 | D:4      | Noticed a two-headed ogre
  3374 | D:4      | Killed a two-headed ogre
  3374 | D:4      | Reached skill level 9 in Maces & Flails
  3374 | D:4      | Reached XP level 8. HP: 72/78 MP: 8/8
  3553 | D:5      | Entered Level 5 of the Dungeon
  3803 | D:5      | Noticed Pikel
  3813 | D:5      | Killed Pikel
  3813 | D:5      | Reached skill level 10 in Maces & Flails
  3813 | D:5      | Reached XP level 9. HP: 78/84 MP: 9/9
  4171 | D:5      | Found a sacrificial altar of Ru.
  4375 | D:6      | Reached **** piety under Trog
  4445 | D:5      | Found a glowing golden altar of the Shining One.
  4730 | D:6      | Found a glowing drain.
  4741 | Sewer    | Entered a sewer
  4827 | Sewer    | Reached skill level 5 in Dodging
  5222 | Sewer    | Found a burning altar of Makhleb.
  5667 | D:6      | Noticed Dowan
  5667 | D:6      | Noticed Duvessa
  5686 | D:6      | Killed Duvessa
  5709 | D:6      | Killed Dowan
  6102 | D:6      | HP: 2/84 [electric eel/bolt of electricity (13)]
  6562 | D:7      | Reached skill level 11 in Maces & Flails
  6617 | D:7      | Found a sand-covered staircase.
  6624 | Ossuary  | Entered an ossuary
  6648 | Ossuary  | Received a gift from Trog
  6652 | Ossuary  | Reached ***** piety under Trog
  6708 | Ossuary  | Reached skill level 1 in Throwing
  6708 | Ossuary  | Reached XP level 10. HP: 79/92 MP: 10/10
  7646 | D:7      | Noticed Prince Ribbit
  7658 | D:7      | Killed Prince Ribbit
  7658 | D:7      | Reached skill level 5 in Throwing
  8590 | D:8      | Received a gift from Trog
  8912 | D:8      | Received a gift from Trog
 10181 | D:9      | Found a runed translucent door.
 10332 | D:9      | Reached skill level 12 in Maces & Flails
 10596 | D:9      | Reached XP level 11. HP: 100/100 MP: 3/11
 11164 | D:9      | Noticed Harold
 11182 | D:9      | Killed Harold
 11392 | D:10     | Entered Level 10 of the Dungeon
 11417 | D:10     | Noticed a death yak
 11418 | D:10     | Noticed a death yak
 11434 | D:10     | Noticed a death yak
 11452 | D:9      | Killed a death yak
 11452 | D:9      | Reached skill level 13 in Maces & Flails
 11795 | D:10     | Noticed a wizard
 11796 | D:10     | Noticed Fannar
 11797 | D:10     | Noticed Nergalle
 11809 | D:9      | Killed a wizard
 11958 | D:10     | Noticed a two-headed ogre
 11959 | D:10     | Noticed Urug
 11963 | D:10     | Killed a two-headed ogre
 12172 | D:10     | Killed Urug
 12729 | D:10     | Noticed a wizard
 12736 | D:10     | Noticed a deep elf mage
 13039 | D:10     | Paralysed by a wizard for 2 turns
 13044 | D:10     | Killed a wizard
 13071 | D:10     | Noticed a two-headed ogre
 13076 | D:10     | Noticed a deep elf mage
 13087 | D:10     | Killed a two-headed ogre
 13087 | D:10     | Reached skill level 14 in Maces & Flails
 13095 | D:10     | Killed a deep elf mage
 13288 | D:10     | Killed Nergalle
 13288 | D:10     | Reached XP level 12. HP: 107/107 MP: 4/12
 13386 | D:10     | Reached skill level 5 in Fighting
 13706 | D:10     | Found a staircase to the Orcish Mines.
 13801 | D:10     | Killed Fannar
 14146 | D:10     | Identified the Papyrus of Sand
 14190 | D:10     | Found a staircase to the Lair.
 14296 | D:11     | Noticed a centaur warrior
 14349 | D:10     | Killed a death yak
 14352 | D:10     | Killed a death yak
 14555 | Lair:1   | Entered Level 1 of the Lair of Beasts
 14562 | Lair:1   | Received a gift from Trog
 14665 | Lair:1   | Noticed Grum
 14684 | Lair:1   | Killed Grum
 14919 | Lair:1   | Noticed a four-headed hydra
 14964 | Lair:1   | Killed a four-headed hydra
 14964 | Lair:1   | Reached skill level 10 in Fighting
 15551 | Lair:1   | Noticed a death yak
 15570 | Lair:1   | Killed a death yak
 16262 | Lair:2   | Reached skill level 15 in Maces & Flails
 17049 | Lair:2   | Noticed Erica
 17389 | Lair:2   | Reached XP level 13. HP: 114/135 MP: 13/13
 17395 | Lair:2   | Received a gift from Trog
 17618 | Lair:3   | Found a staircase to the Snake Pit.
 17658 | Lair:3   | Found a runed translucent gate.
 17658 | Lair:3   | Found a runed translucent gate.
 17658 | Lair:3   | Found a runed translucent gate.
 17660 | Lair:3   | Noticed zkyp's ghost (journeyman VSFi)
 17714 | Lair:3   | Found a viscous altar of Jiyva.
 17738 | Lair:3   | Found a gate leading to a gauntlet.
 17830 | Gauntlet | Entered a Gauntlet
 17830 | Gauntlet | Found a transporter.
 17842 | Gauntlet | Found a transporter.
 17842 | Gauntlet | Found a transporter.
 17844 | Gauntlet | Found a transporter.
 17859 | Gauntlet | Found a transporter.
 18036 | Gauntlet | Found a transporter.
 18042 | Gauntlet | Found a transporter.
 18064 | Gauntlet | Found a transporter.
 18065 | Gauntlet | Found a transporter.
 18097 | Gauntlet | Found a transporter.
 18130 | Gauntlet | Noticed a green death
 18130 | Gauntlet | Found a transporter.
 18136 | Gauntlet | Killed a green death
 18136 | Gauntlet | Reached skill level 16 in Maces & Flails
 18448 | Gauntlet | Noticed a minotaur
 18457 | Gauntlet | Killed a minotaur
 18475 | Gauntlet | Identified Sif Muna's Disquisition on Creative Stones
 20540 | Lair:5   | Received a gift from Trog
 20614 | Lair:5   | Found a staircase to the Slime Pits.
 20815 | Lair:5   | Noticed an entropy weaver
 20816 | Lair:5   | Noticed an entropy weaver
 21231 | Lair:5   | HP: 10/202 [entropy weaver (9)]
 21234 | Lair:5   | Slain by an entropy weaver

Vault maps used:
D:1:      eino_arrival_cavern_a, minmay_octomino_j4
D:2:      hex_intersection
D:3:      first_ration, uniq_terence, uniq_jessica
D:4:      minmay_temple_entry_ruins, uniq_grinder
D:5:      lemuel_upstairs_altar, nicolae_ru_awakened_eye, serial_corexii_hall,
          chequers_hall_statues_y, chequers_hall_statues_corner_a,
          corexii_hall_statues_deadend, corexii_hall_statues_x, uniq_pikel
D:6:      cheibrodos_sewer_entry_drain, st_stairs_1, chequers_big_river,
          uniq_duvessa
D:7:      serial_undead, serial_undead_d, serial_undead_a, serial_undead_e,
          serial_undead_c, serial_undead_f, serial_undead_e,
          chequers_ossuary_entry_cave, grunt_ogre_cave, serial_bayou_crossing,
          uniq_prince_ribbit1
D:9:      minivault_13, uniq_harold
D:10:     dpeg_lair_monsters, hiddenorc1_lemuel, bh_hangedman_babel_library,
          uniq_fannar, uniq_nergalle, uniq_urug
D:11:     minmay_crystal_water, uniq_josephine
Lair:1:   nicolae_volcano_entry_batcave, grunt_forest_large_clearing_hut,
          grunt_megastairs_3, minmay_lair_oklob_chamber, uniq_grum
Lair:2:   palyth_hydra_swamp_entry, minmay_lair_oklob_bushes,
          grunt_megastairs_5, infiniplex_staircase_pool_2, uniq_erica
Lair:3:   guppyfry_snake_entry_garden, gauntlet_entry_generic,
          gammafunk_ghost_ooze, grunt_megastairs_1
Lair:4:   beast_lair_carwin_8, infiniplex_staircase_pool
Lair:5:   nicolae_slime_entry_slimehenge, special_room, minmay_another_anthill
Sewer:    kennysheep_sewer_church
Ossuary:  ossuary_tomb_2
Gauntlet: gammafunk_gauntlet_one_two_three

Skill      XL: |  1  2  3  4  5  6  7  8  9 10 11 12 13 |
---------------+----------------------------------------+-----
Maces & Flails | 3 4 5 7 9 10 11 12 14 15 16 | 16.2
Dodging        | 6 9 |  9.7
Throwing       | 1 6 |  6.8
Fighting       | 10 | 10.7

Action                   |  1- 3 |  4- 6 |  7- 9 | 10-12 | 13-15 || total
-------------------------+-------+-------+-------+-------+-------++-------
Melee: Mace              |   104 |   101 |       |       |       ||   205
       Flail             |       |    66 |     3 |    22 |       ||    91
       Unarmed           |       |     6 |       |       |       ||     6
       Giant spiked club |       |       |   312 |   199 |       ||   511
       Dire flail        |       |       |       |   339 |       ||   339
       Great mace        |       |       |       |   178 |   231 ||   409
Throw: Large rock        |       |       |       |    29 |     2 ||    31
       Javelin           |       |       |       |     9 |     3 ||    12
Invok: Berserk           |       |     1 |     2 |    11 |     4 ||    18
       Trog's Hand       |       |     2 |     1 |     2 |       ||     5
       Brothers in Arms  |       |       |       |     1 |     1 ||     2
Evoke: Wand              |       |     2 |       |       |       ||     2
  Use: Scroll            |       |     1 |     8 |     2 |     4 ||    15
       Potion            |       |       |       |     1 |       ||     1
 Stab: Sleeping          |     1 |       |     2 |     1 |     3 ||     7
       Distracted        |       |       |       |       |     1 ||     1
  Eat: Chunk             |     3 |     6 |     8 |    16 |     6 ||    39
       Ration            |       |       |     2 |     9 |     2 ||    13
Armor: Animal skin       |    45 |    12 |       |       |       ||    57
       Robe              |       |    39 |   168 |   234 |    94 ||   535
       Skin              |       |     2 |       |       |       ||     2
Dodge: Dodged            |    50 |   107 |   293 |   482 |   186 ||  1118

Table legend:
 A = Non-vault XP
 B = Vault XP
 C = Vault XP percentage of total XP
 D = Non-vault monster count
 E = Vault monster count
 F = Vault count percentage of total count
                 A         B        C        D         E       F
            +---------+---------+-------+---------+---------+-------
      Total |   23721 |   26653 |  52.9 |     241 |     202 |  45.6
            +---------+---------+-------+---------+---------+-------
        D:1 |      16 |      17 |  51.5 |       8 |       4 |  33.3
        D:2 |      38 |       0 |   0.0 |      19 |       0 |   0.0
        D:3 |     184 |      73 |  28.4 |      28 |       2 |   6.7
        D:4 |    1272 |     272 |  17.6 |      14 |       1 |   6.7
        D:5 |     340 |     617 |  64.5 |      16 |       1 |   5.9
        D:6 |     797 |     291 |  26.7 |      14 |       7 |  33.3
        D:7 |     921 |     996 |  52.0 |      18 |      17 |  48.6
        D:8 |    1193 |       0 |   0.0 |      37 |       0 |   0.0
        D:9 |    2576 |    2830 |  52.3 |      19 |       5 |  20.8
       D:10 |    2816 |    6038 |  68.2 |      11 |      28 |  71.8
     Lair:1 |    2471 |    3309 |  57.2 |      17 |      10 |  37.0
     Lair:2 |    2761 |    2347 |  45.9 |      13 |      10 |  43.5
     Lair:3 |    2031 |    1166 |  36.5 |       8 |       7 |  46.7
     Lair:4 |    5369 |    1719 |  24.3 |      15 |       8 |  34.8
     Lair:5 |     936 |    2658 |  74.0 |       4 |      26 |  86.7
      Sewer |       0 |     514 | 100.0 |       0 |      33 | 100.0
    Ossuary |       0 |     447 | 100.0 |       0 |      33 | 100.0
   Gauntlet |       0 |    3359 | 100.0 |       0 |      10 | 100.0
            +---------+---------+-------+---------+---------+-------
